Map: Romanticide LE

Players

MaxPax

  • Race: Protoss Protoss

SKillous - Winner!

  • Race: Protoss Protoss

Event: DreamHack SC2 Masters 2021 Fall

VOD

Have the link to the VOD?

Description

Time

  • Played on: Aug. 13, 2021, 9:49 a.m.
  • Length: 16:25

All games in this series

Show
View Real Time Build Order
Export as new Build Order

MaxPax Protoss 

Build Orders: Oracle Opening 

Get SALT Encoding   

  12  0:00  Probe  
  13  0:12  Probe  
  14  0:20  Pylon  
  14  0:24  Probe  
  15  0:38  Probe (Chrono Boost)  
  15  0:40  Gateway  
  16  0:47  Probe (Chrono Boost)  
  16  0:48  Assimilator  
  17  0:52  Probe (Chrono Boost)  
  18  1:04  Probe (Chrono Boost)  
  18  1:09  Assimilator  
  19  1:12  Pylon  
  19  1:16  Probe (Chrono Boost)  
  20  1:23  Probe (Chrono Boost)  
  21  1:28  Cybernetics Core  
  21  1:30  Probe  
  24  1:43  Zealot, Probe  
  25  1:55  Probe  
  26  2:06  Stargate  
  26  2:09  Probe  
  26  2:10  Adept (Chrono Boost)  
  29  2:18  Pylon  
  29  2:19  Warp Gate  
  29  2:21  Probe  
  30  2:28  Pylon  
  30  2:33  Probe  
  30  2:36  Stalker  
  33  2:45  Probe  
  34  2:53  Oracle (Chrono Boost)  
  34  2:57  Probe  
  37  3:12  Nexus  
  37  3:18  Probe  
  38  3:22  Shield Battery  
  38  3:30  Probe  
  38  3:33  Pylon  
  39  3:38  Robotics Facility  
  37  3:42  Probe  
  37  3:44  Shield Battery  
  38  3:55  Probe  
  43  4:01  Forge  
  43  4:07  Probe  
  44  4:11  Stalker  
  46  4:19  Probe  
  47  4:27  Probe, Immortal (Chrono Boost)  
  47  4:28  Oracle (Chrono Boost)  
  48  4:32  Probe  
  52  4:40  Probe  
  52  4:42  Twilight Council  
  52  4:45  Probe  
  54  4:47  Protoss Ground Weapons Level 1 (Chrono Boost)  
  54  4:52  Probe  
  55  4:56  Pylon  
  55  4:57  Probe  
  55  4:59  Zealot  
  58  5:04  Probe  
  58  5:06  Gateway  
  59  5:08  Assimilator  
  59  5:10  Probe  
  59  5:11  Assimilator  
  60  5:17  Blink (Chrono Boost), Probe  
  61  5:26  Gateway, Probe  
  62  5:32  Probe, Immortal (Chrono Boost)  
  67  5:38  Probe  
  68  5:42  Pylon  
  68  5:46  Pylon  
  68  5:58  Nexus  
  68  6:02  Sentry  
  68  6:03  Stalker  
  72  6:08  Probe x2  
  74  6:13  Warp Prism  
  76  6:20  Probe  
  76  6:22  Probe  
  76  6:24  Dark Shrine  
  78  6:32  Probe  
  78  6:33  Stalker x2  
  78  6:35  Probe  
  78  6:37  Stalker  
  86  6:40  Pylon  
  86  6:47  Gateway  
  86  6:58  Probe x2  
  86  7:00  Protoss Ground Weapons Level 2 (Chrono Boost)  
  88  7:02  Observer  
  89  7:09  Stalker x2  
  89  7:10  Stalker, Probe x2  
  97  7:19  Probe  
  96  7:23  Probe  
  96  7:27  Probe  
  96  7:29  Photon Cannon, Gateway  
  98  7:33  Probe  
  98  7:34  Gateway  
  99  7:39  Probe  
  99  7:43  Dark Templar x4  
  106  7:45  Probe  
  106  7:50  Probe  
  108  7:56  Probe  
  105  8:00  Robotics Bay  
  101  8:11  Probe  
  96  8:20  Gateway  
  96  8:21  Pylon  
  96  8:26  Probe  
  97  8:29  Probe  
  97  8:32  Assimilator  
  97  8:33  Assimilator  
  97  8:34  Robotics Facility  
  94  8:39  Probe  
  91  8:43  Shield Battery  
  91  8:45  Stalker x6  
  103  8:49  Pylon, Disruptor (Chrono Boost)  
  106  9:01  Photon Cannon  
  106  9:03  Pylon, Photon Cannon  
  106  9:07  Nexus  
  106  9:09  Shadow Stride  
  106  9:10  Pylon  
  106  9:13  Probe x3  
  106  9:15  Zealot  
  106  9:16  Zealot x6  
  125  9:24  Disruptor (Chrono Boost)  
  125  9:29  Probe  
  126  9:38  Pylon  
  126  9:40  Stalker x3  
  132  9:46  Nexus  
  132  9:50  Pylon  
  132  9:52  Pylon  
  132  9:55  Pylon  
  132  10:08  Disruptor x2 (Chrono Boost)  
  132  10:11  Zealot x5  
  148  10:17  Charge (Chrono Boost)  
  148  10:18  Pylon  
  148  10:20  Gateway  
  148  10:24  Stalker x2  
  146  10:33  Shield Battery, Protoss Ground Weapons Level 3  
  146  10:34  Shield Battery  
  146  10:35  Disruptor (Chrono Boost)  
  149  10:39  Photon Cannon  
  150  10:45  Disruptor (Chrono Boost)  
  150  10:47  Sentry  
  152  10:54  Photon Cannon  
  152  11:01  Disruptor (Chrono Boost)  
  152  11:02  Photon Cannon  
  152  11:03  Pylon  
  151  11:10  Dark Templar x3  
  157  11:15  Shield Battery  
  157  11:19  Pylon, Photon Cannon  
  157  11:25  Observer, Photon Cannon  
  155  11:28  Assimilator  
  155  11:30  Pylon  
  155  11:31  Assimilator  
  153  11:34  Observer  
  153  11:35  Stalker x4  
  160  11:50  Dark Templar x3  
  172  12:04  Colossus (Chrono Boost)  
  172  12:07  Warp Prism (Chrono Boost)  
  174  12:15  Stalker x5  
  167  12:46  Zealot x7  
  167  12:47  Zealot  
  167  12:50  Colossus (Chrono Boost)  
  189  12:53  Probe x3  
  189  12:55  Extended Thermal Lance (Chrono Boost)  
  192  13:13  Photon Cannon  
  192  13:22  Stalker x4  
  200  13:32  Nexus  
  200  13:34  Pylon  
  200  13:40  Stalker x2  
  200  13:53  Colossus (Chrono Boost)  
  194  14:00  Photon Cannon  
  194  14:02  Photon Cannon  
  196  14:03  Photon Cannon  
  196  14:04  Photon Cannon  
  196  14:06  Shield Battery, Photon Cannon x2  
  196  14:07  Photon Cannon  
  196  14:09  Pylon  
  196  14:10  Gateway  
  196  14:12  Pylon  
  168  14:19  Gateway  
  133  14:26  Stalker x7  
  133  14:27  Stalker  
  149  14:39  Colossus (Chrono Boost)  
  149  14:42  Pylon  
  155  14:47  Templar Archives  
  154  14:56  Dark Templar x5  
  162  15:17  Stalker  
  162  15:18  Stalker x4  
  99  15:37  Dark Templar x5  
  84  15:43  Stalker x5  
  69  16:10  High Templar x2  
  69  16:11  High Templar x6  
  76  16:12  Zealot x2  
  76  16:16  Archon  
  76  16:17  Archon x3  
Show
View Real Time Build Order
Export as new Build Order

SKillous Protoss - Winner!

Build Orders: Blink Stalkers 

Get SALT Encoding   

  12  0:00  Probe  
  13  0:12  Probe  
  14  0:17  Pylon  
  14  0:24  Probe (Chrono Boost)  
  15  0:36  Probe (Chrono Boost)  
  15  0:37  Gateway  
  16  0:45  Probe (Chrono Boost)  
  16  0:46  Assimilator  
  17  0:50  Probe  
  17  0:55  Assimilator  
  18  1:03  Probe (Chrono Boost)  
  19  1:08  Gateway  
  19  1:12  Probe (Chrono Boost)  
  19  1:17  Probe (Chrono Boost)  
  21  1:26  Cybernetics Core  
  21  1:29  Probe  
  22  1:36  Pylon  
  22  1:41  Probe  
  23  1:52  Pylon  
  23  1:55  Probe  
  24  2:02  Stalker  
  24  2:03  Sentry  
  24  2:06  Warp Gate  
  28  2:28  Cybernetics Core  
  28  2:32  Stalker  
  28  2:34  Probe  
  28  2:35  Twilight Council  
  31  2:41  Pylon  
  31  2:59  Shield Battery, Probe  
  32  3:08  Blink (Chrono Boost), Shield Battery  
  32  3:11  Probe  
  33  3:20  Nexus  
  33  3:23  Probe  
  33  3:35  Probe  
  34  3:47  Probe  
  34  3:58  Pylon  
  34  3:59  Probe  
  35  4:04  Shield Battery  
  35  4:05  Shield Battery, Stalker x2  
  39  4:16  Probe (Chrono Boost)  
  40  4:18  Forge  
  40  4:26  Probe (Chrono Boost)  
  40  4:29  Sentry x2  
  45  4:33  Probe (Chrono Boost)  
  45  4:35  Probe (Chrono Boost)  
  47  4:42  Probe (Chrono Boost)  
  47  4:44  Probe (Chrono Boost)  
  49  4:47  Probe (Chrono Boost)  
  49  4:50  Protoss Ground Weapons Level 1 (Chrono Boost)  
  50  4:54  Probe  
  50  4:59  Probe  
  52  5:06  Probe  
  53  5:11  Probe (Chrono Boost)  
  54  5:14  Nexus  
  54  5:18  Probe (Chrono Boost)  
  54  5:20  Pylon  
  55  5:25  Charge  
  55  5:26  Robotics Facility  
  57  5:29  Probe (Chrono Boost)  
  57  5:30  Probe (Chrono Boost)  
  57  5:31  Assimilator  
  58  5:35  Stalker, Probe (Chrono Boost)  
  58  5:36  Probe (Chrono Boost)  
  61  5:45  Pylon  
  61  5:47  Probe (Chrono Boost)  
  63  5:50  Probe (Chrono Boost)  
  63  5:53  Stalker, Probe (Chrono Boost)  
  63  5:55  Shield Battery  
  66  5:57  Assimilator, Probe  
  66  6:00  Stalker  
  66  6:01  Probe  
  70  6:09  Probe  
  70  6:10  Gateway  
  71  6:13  Gateway  
  71  6:14  Observer, Probe  
  73  6:18  Stalker  
  73  6:21  Probe  
  76  6:31  Stalker  
  79  6:35  Probe (Chrono Boost)  
  79  6:36  Observer, Probe (Chrono Boost)  
  79  6:37  Probe (Chrono Boost)  
  82  6:45  Gateway  
  82  6:46  Gateway, Probe (Chrono Boost)  
  82  6:47  Pylon, Probe (Chrono Boost)  
  85  6:50  Probe (Chrono Boost)  
  85  6:51  Templar Archives  
  85  6:53  Probe (Chrono Boost)  
  85  6:54  Photon Cannon  
  86  6:56  Probe (Chrono Boost)  
  87  7:01  Stalker  
  87  7:04  Shield Battery  
  88  7:13  Probe  
  88  7:14  Stalker x3  
  95  7:16  Probe  
  95  7:22  Probe  
  97  7:25  Stalker  
  97  7:27  Assimilator  
  97  7:28  Assimilator  
  97  7:29  Pylon x2  
  99  7:41  Probe x2  
  99  7:43  Gateway  
  101  7:45  Gateway  
  101  7:48  Gateway  
  101  7:49  Stalker x2  
  101  7:50  Gateway  
  101  7:51  Probe  
  102  7:53  Observer  
  102  7:54  Probe  
  102  7:55  Probe  
  104  7:59  Protoss Ground Weapons Level 2 (Chrono Boost)  
  107  8:06  Probe  
  107  8:07  Observer  
  95  8:17  Stalker x2  
  98  8:30  Probe (Chrono Boost)  
  98  8:32  Probe (Chrono Boost)  
  93  8:42  Pylon, Probe (Chrono Boost)  
  93  8:44  Robotics Facility, Probe x2 (Chrono Boost)  
  94  8:50  Probe (Chrono Boost)  
  94  8:51  Stalker x2  
  94  8:52  Stalker x2  
  94  8:53  Pylon, Probe x2 (Chrono Boost)  
  105  8:56  Pylon  
  105  9:06  Pylon  
  105  9:07  Probe  
  105  9:08  Photon Cannon, Probe  
  107  9:14  Pylon  
  107  9:15  Probe  
  108  9:18  Pylon  
  108  9:24  Nexus, Stalker x2  
  108  9:25  Pylon  
  108  9:31  High Templar x4  
  118  9:36  Warp Prism (Chrono Boost)  
  122  9:47  High Templar x3  
  122  9:50  Probe x2  
  122  9:52  High Templar  
  132  9:53  Zealot x2  
  132  9:54  Probe  
  132  9:57  Archon x2  
  132  9:58  Archon  
  137  10:01  Shield Battery  
  137  10:02  Photon Cannon, Probe x2  
  137  10:04  Pylon  
  137  10:06  Probe  
  140  10:09  Archon  
  140  10:12  Photon Cannon  
  140  10:14  High Templar x2, Probe  
  140  10:15  Zealot  
  140  10:16  Probe  
  140  10:18  Archon  
  140  10:20  Zealot  
  151  10:21  Observer  
  151  10:32  Zealot x5  
  161  10:45  Zealot x3  
  161  10:48  Protoss Ground Weapons Level 3 (Chrono Boost)  
  161  10:49  Stargate  
  167  10:50  Stargate  
  167  11:02  Pylon  
  167  11:03  Stargate  
  167  11:09  Zealot x5  
  177  11:29  Pylon  
  177  11:31  Nexus  
  177  11:32  Phoenix (Chrono Boost)  
  179  11:34  Phoenix (Chrono Boost)  
  179  11:39  Photon Cannon  
  179  11:49  Nexus  
  179  11:50  Pylon, Phoenix (Chrono Boost)  
  179  11:52  Phoenix (Chrono Boost)  
  185  11:54  Phoenix (Chrono Boost)  
  187  12:10  Shield Battery, Phoenix x2 (Chrono Boost)  
  187  12:11  Phoenix (Chrono Boost)  
  187  12:12  Shield Battery  
  187  12:16  Photon Cannon  
  187  12:17  Photon Cannon  
  186  12:23  Phoenix  
  186  12:25  Phoenix x2  
  179  12:42  Zealot x8  
  189  12:48  Phoenix  
  191  13:03  Nexus  
  191  13:04  Observer  
  192  13:06  Photon Cannon  
  192  13:08  Pylon, Photon Cannon  
  192  13:12  Zealot x3  
  192  13:17  Photon Cannon  
  198  13:23  Observer  
  196  13:32  Zealot x3  
  200  13:48  Probe  
  193  13:49  Zealot x4  
  188  14:03  Pylon  
  188  14:04  Pylon  
  188  14:05  Pylon  
  188  14:07  Pylon  
  188  14:10  Warp Prism (Chrono Boost)  
  150  14:24  High Templar x5  
  146  14:25  High Templar x3  
  146  14:26  Zealot x2  
  146  14:28  Archon x3  
  146  14:29  Archon  
  156  15:00  Stalker x4  
  156  15:01  Stalker x2  
  156  15:02  Zealot x2  
  139  15:27  Zealot x8  
  110  15:39  Observer  
  110  15:41  Zealot  
  101  15:54  Zealot  

Tags
 
Add a new tag
Caveats
  • Supply blocks, unpowered buildings, or Contaminate may cause inaccurate times.
  • Supply counts are checked every 10 seconds.